 Dungeon Crawl Stone Soup version 0.29.1-12-g30fa7ad0bf (webtiles) character file.

Game seed: 7183987620547167887

51 Lapinsky1 the Shooter (level 3, -7/30 HPs)
             Began as a Minotaur Hunter on Dec 22, 2022.
             Killed from afar by Natasha (10 damage)
             ... with a magic dart
             ... on level 2 of the Dungeon.
             The game lasted 00:01:29 (751 turns).

Lapinsky1 the Shooter (Minotaur Hunter)              Turns: 751, Time: 00:01:30

Health: -7/30      AC:  3    Str: 15    XL:     3   Next: 58%
Magic:  2/2        EV: 12    Int:  6    God:
Gold:   85         SH:  0    Dex: 15    Spells: 2/2 levels left

rFire   . . .      SeeInvis .   a - +0 shortbow
rCold   . . .      Faith    .   (shield currently unavailable)
rNeg    . . .      Spirit   .   c - +0 leather armour
rPois   .          Reflect  .   (helmet restricted)
rElec   .          Harm     .   (no cloak)
rCorr   .          Rampage  .   (no gloves)
Will    .....                   (no boots)
Stlth   +.........              (no amulet)
HPRegen 0.10/turn               (no ring)
MPRegen 0.08/turn               (no ring)

@: mighty
A: horns 2, retaliatory headbutt
a: no special abilities


You were on level 2 of the Dungeon.
You visited 1 branch of the dungeon, and saw 2 of its levels.

You collected 85 gold pieces.

Inventory:

Hand Weapons
 a - a +0 shortbow (weapon)
Armour
 c - a +0 leather armour (worn)
 i - a +0 kite shield
Scrolls
 b - a scroll of immolation
 e - a scroll of enchant armour {unknown}
 g - a scroll of noise {unknown}
 h - a scroll of identify {unknown}
 k - a scroll of vulnerability {unknown}
Potions
 d - a potion of curing {unknown}
 f - 2 potions of might
 j - a potion of mutation {unknown}


   Skills:
 + Level 2.9 Fighting
 + Level 5.5 Ranged Weapons
 + Level 0.8 Armour
 + Level 2.3 Dodging
 + Level 0.8 Stealth


You had 2 spell levels left.
You didn't know any spells.
Your spell library contained the following spells:

 Spells                   Type           Power      Damage    Failure   Level
 Portal Projectile        Hex/Tloc       0%         N/A       88%         3
 Tukima's Dance           Hex            0%         N/A       88%         3
 Blade Hands              Tmut           0%         N/A       100%        5


Dungeon Overview and Level Annotations

Branches:
Dungeon (2/15)

Altars:

Annotations:
D:2 Natasha


Innate Abilities, Weirdness & Mutations

You have a pair of horns on your head.
You reflexively headbutt those who attack you in melee.


Message History

You are too injured to fight recklessly!
You are too injured to fight recklessly!
You are too injured to fight recklessly!
You are too injured to fight recklessly!
You are too injured to fight recklessly!
You are too injured to fight recklessly!
You are too injured to fight recklessly!
Unknown command.
You are too injured to fight recklessly!
Really attack while wielding your +0 shortbow? [Y]es or [N]o only, please.
Really attack while wielding your +0 shortbow?
Okay, then.
Fire: a) +0 shortbow
Press: ? - help, Q - select action Shift-Dir - straight line, f/p - Natasha
Aim: Natasha, carrying a wand of flame (22) (lightly wounded, 55% to hit)
You shoot an arrow. The arrow hits Natasha.
Natasha is moderately wounded.
Natasha hisses.
Natasha zaps a wand.
The puff of flame hits you.
* * * LOW HITPOINT WARNING * * *
Fire: a) +0 shortbow
Press: ? - help, Q - select action Shift-Dir - straight line, f/p - Natasha
Aim: Natasha, carrying a wand of flame (21) (moderately wounded, 55% to hit)
You shoot an arrow. The arrow hits Natasha.
Natasha is heavily wounded.
Natasha claws you.
* * * LOW HITPOINT WARNING * * *
It was a potion of might.
You feel very mighty all of a sudden.
Natasha zaps a wand.
The puff of flame hits you but does no damage.
Fire: a) +0 shortbow
Press: ? - help, Q - select action Shift-Dir - straight line, f/p - Natasha
Aim: Natasha, carrying a wand of flame (20) (heavily wounded, 55% to hit)
You shoot an arrow. The arrow hits Natasha.
Natasha is severely wounded.
Natasha stares at you and mumbles some strange words.
The magic dart hits you!
You die...

....>.........>.......##.#
#.....
.........##........#..##..
######
........###........#...##.
.............####........
.......#..#...###.........
####..##.##.#..###<........
#. #.##..##.#..##.## # ..
##.##...... #.# #.@h#
#..........#
....#####.#..... #. ..#....
#.# #.. .# . <# ..


You could see Natasha.

Vanquished Creatures
  Natasha (D:2)
  A worm (D:2)
  3 ball pythons
  3 endoplasms
  2 hobgoblins
  A quokka (D:1)
  A bat (D:1)
  A frilled lizard (D:1)
  5 goblins
  3 kobolds (D:1)
  5 rats
26 creatures vanquished.

Notes
Turn   | Place    | Note
-------+----------+-------------------------------------------
     0 | D:1      | Lapinsky1 the Minotaur Hunter began the quest for the Orb.
     0 | D:1      | Reached XP level 1. HP: 18/18 MP: 0/0
   236 | D:1      | Reached XP level 2. HP: 25/25 MP: 1/1
   352 | D:1      | Reached skill level 5 in Ranged Weapons
   647 | D:2      | Noticed Natasha
   653 | D:2      | Killed Natasha
   654 | D:2      | Reached XP level 3. HP: 25/30 MP: 2/2
   719 | D:2      | Found a faded altar of an unknown god.
   725 | D:2      | Noticed Natasha
   751 | D:2      | Killed from afar by Natasha

Illustrated notes

Levels and vault maps discovered:
D:1:      evilmike_arrival_crescent, layout_rooms
D:2:      layout_rooms, hellmonk_ecumenical_altar_heavens_door, uniq_natasha

Skill      XL: |  1  2 |
---------------+-------+-----
Ranged Weapons | 5 |  5.5
Fighting       | |  2.9
Armour         | |  0.8
Dodging        | |  2.3
Stealth        | |  0.8

Action                   || total
-------------------------++-------
 Fire: Shortbow          ||    79
  Use: Potion            ||     1
Armor: Leather armour    ||     7
Dodge: Dodged            ||    13
